 Dungeon Crawl Stone Soup version 0.28-a0-1236-gb25a51b929 (webtiles) character file.

Game seed: 18418816108619989756

331 croobank the Ducker (level 6, -3/40 HPs)
             Began as a Djinni Air Elementalist on Dec 25, 2021.
             Slain by a bullfrog (8 damage)
             ... in a sewer.
             The game lasted 00:22:15 (4226 turns).

croobank the Ducker (Djinni Air Elementalist)       Turns: 4226, Time: 00:22:16

Health: -3/40      AC:  3    Str:  7    XL:     6   Next: 81%
Gold:   100        EV: 13    Int: 19    God:
                   SH:  5    Dex: 13

rFire   + + .      SeeInvis .   k - +2 whip (elec)
rCold   . . .      Faith    .   (no shield)
rNeg    . . .      Spirit   .   a - +0 robe
rPois   ∞          Reflect  +   o - +0 helmet
rElec   .          Harm     .   h - scarf {repulsion}
rCorr   .          Rampage  .   (no gloves)
Will    .....                   (boots unavailable)
Stlth   ++........              q - amulet of reflection
HPRegen 0.13/turn               l - ring of protection from cold
MPRegen 0.00/turn               (no ring)

@: flying, repel missiles
A: sickness immunity, fire resistance 2, cold vulnerability 1, float, innate
caster, hp casting, extra vitality 1
a: no special abilities


You were in a sewer.
You visited 1 branch of the dungeon, and saw 4 of its levels.
You also visited: Sewer.

You collected 100 gold pieces.

Inventory:

Hand Weapons
 c - a +0 mace
 j - a +0 double sword
 k - a +2 whip of electrocution (weapon)
Missiles
 b - 42 arrows
 d - 54 stones
 e - 5 boomerangs (quivered)
 g - 49 bolts
 t - 6 atropa-tipped darts
Armour
 a - a +0 robe (worn)
 f - a +0 plate armour
 h - a scarf of repulsion (worn)
 o - a +0 helmet (worn)
 s - a +0 leather armour
Jewellery
 l - a ring of protection from cold (left hand)
 q - an amulet of reflection (around neck)
Wands
 r - a wand of flame (20)
Scrolls
 p - a scroll of teleportation
Potions
 i - a potion of haste
 m - 2 potions of curing


   Skills:
 + Level 4.5 Dodging
 + Level 3.7 Stealth
 + Level 3.7 Spellcasting


You couldn't memorise any spells.
You knew the following spells:

 Your Spells              Type           Power      Damage    Failure   Level
a - Shock                 Conj/Air       68%        1d7       3%          1
b - Static Discharge      Conj/Air       17%        N/A       4%          2
c - Swiftness             Air            17%        N/A       10%         3
d - Airstrike             Air            8%         N/A       30%         4
e - Pain                  Necr           68%        1d7       3%          1
f - Searing Ray           Conj           34%        2d5       4%          2
Your spell library was empty.

Dungeon Overview and Level Annotations

Branches:
Dungeon (4/15)              Sewer (1/1)
 Temple: D:4-7

Altars:


Innate Abilities, Weirdness & Mutations

You are immune to sickness and miasma.
You are immune to poison.
Your flesh is very heat resistant. (rF++)
You are vulnerable to cold. (rC-)
You float through the air rather than walking.
You learn spells naturally, not from books.
Your magical power is your life essence.
You have superior vitality. (+4 MHP)


Message History

The quokka is struck by an arc of lightning.
The quokka is almost dead.
The lightning grounds out.
You block the quokka's attack.
You hit the quokka.
You kill the quokka!
You hit the ball python.
Lightning courses through the ball python!
You kill the ball python!
A bullfrog comes into view.
The bullfrog gives a loud, deep croak!
A bullfrog comes into view.
You see here an adder corpse.
Casting: Static Discharge (safe; 4% risk of failure)
Confirm with . or Enter, or press ? or * to list all spells.
Aiming: Shock (safe; 3% risk of failure)
Press: ? - help, Shift-Dir - straight line, f - bullfrog
Aim: a bullfrog (64% to hit)
The zap hits the bullfrog.
The bullfrog is moderately wounded.
Casting: Shock (safe; 3% risk of failure)
Confirm with . or Enter, or press ? or * to list all spells.
Aiming: Shock (safe; 3% risk of failure)
Press: ? - help, Shift-Dir - straight line, p - bullfrog The zap misses the bullfrog.
You barely miss the bullfrog.
The bullfrog is moderately wounded.
The bullfrog barely misses you. The bullfrog hits you!
* * * LOW HITPOINT WARNING * * *
You block the bullfrog's attack. The bullfrog closely misses you.
The bullfrog closely misses you.
Casting: Shock (safe; 3% risk of failure)
Confirm with . or Enter, or press ? or * to list all spells.
The bullfrog is struck by an arc of lightning!
The bullfrog is heavily wounded.
The lightning grounds out.
* * * LOW HITPOINT WARNING * * *
The bullfrog hits you.
* * * LOW HITPOINT WARNING * * *
The bullfrog hits you!
You die...

##≈≈≈##≈≈≈##≈.≈...≈≈≈
##†≈≈##≈
#.≈†≈#≈≈..#≈≈≈.!?(.≈≈ #≈≈≈≈#.
#∩.≈≈#..≈.#≈≈.?)?.≈≈≈ #≈≈≈≈#≈
#.≈≈≈#≈≈≈†#.≈≈≈$.≈≈≈. #≈.≈≈#≈
##≈≈≈##≈≈.#..≈.≈≈≈≈≈≈
##≈≈≈##≈ #≈≈.≈#.≈≈#≈≈.≈≈≈≈≈≈≈
##≈≈≈≈#≈≈ ##≈.≈##≈.##††#
###≈≈≈≈##≈.
#≈≈.≈##†≈#≈F#######≈..≈.##≈≈≈
##≈≈≈≈#.≈##F@.†≈≈≈..≈≈###≈≈≈≈
##≈..†≈≈≈#..≈.≈≈≈†####≈≈≈≈≈#
####≈≈≈#######≈∩≈#≈≈.≈≈.≈##
##..#≈≈≈.≈#####≈†.≈#####
####≈≈≈≈≈≈.≈≈.≈####≈≈∩#
#.≈.#########≈....#
#.≈≈≈≈≈≈≈.≈...∩.###
#.≈≈≈..≈≈≈≈.#####
#############


You could see 2 bullfrogs.

Vanquished Creatures
  An ogre (D:4)
  Jessica (D:2)
  11 adders
  2 worms (D:2)
  4 dart slugs
  6 bats
  10 endoplasms
  15 giant cockroaches
  7 goblins
  7 hobgoblins
  5 kobolds
  14 quokkas
  13 ball pythons
  4 frilled lizards
  4 rats
104 creatures vanquished.

Notes
Turn   | Place    | Note
-------+----------+-------------------------------------------
     0 | D:1      | croobank the Djinni Air Elementalist began the quest for
                  | the Orb.
     0 | D:1      | Reached XP level 1. HP: 15/15 MP: 0/0
    22 | D:1      | Reached XP level 2. HP: 11/21 MP: 0/0
   647 | D:1      | Reached XP level 3. HP: 24/25 MP: 0/0
   647 | D:1      | Learned a level 1 spell: Pain
   746 | D:1      | You are sucked into a shaft and drop 1 floor!
  1421 | D:2      | Reached skill level 3 in Dodging
  1839 | D:2      | Reached XP level 4. HP: 27/31 MP: 0/0
  2024 | D:2      | Noticed Jessica
  2028 | D:2      | Killed Jessica
  2478 | D:3      | Reached XP level 5. HP: 34/35 MP: 0/0
  2478 | D:3      | Learned a level 2 spell: Searing Ray
  3519 | D:4      | Noticed an ogre
  3527 | D:4      | Killed an ogre
  3528 | D:4      | Reached skill level 4 in Dodging
  3528 | D:4      | Reached XP level 6. HP: 26/40 MP: 0/0
  3636 | D:4      | Found a glowing drain.
  3645 | Sewer    | Entered a sewer
  4226 | Sewer    | Slain by a bullfrog

Illustrated notes

Levels and vault maps discovered:
D:1:      erik_arrival_cave_to_civilisation [erik_arrival_cave_to_hall],
          layout_basic
D:2:      layout_basic, uniq_jessica
D:3:      layout_loops_ring
D:4:      layout_basic, portal_sewer_entry_e
Sewer:    sewer_frog_island_02

Skill      XL: |  1  2  3  4  5 |
---------------+----------------+-----
Stealth        | 2 3 |  3.7
Dodging        | 3 4 |  4.5
Spellcasting   | 3 |  3.7

Action                   |  1- 3 |  4- 6 || total
-------------------------+-------+-------++-------
Melee: Unarmed           |     2 |       ||     2
       Mace              |     6 |       ||     6
       Whip              |       |    22 ||    22
Throw: Boomerang         |     2 |       ||     2
 Cast: Shock             |    52 |   145 ||   197
       Static Discharge  |     7 |     9 ||    16
  Use: Scroll            |     2 |     5 ||     7
 Stab: Sleeping          |     1 |       ||     1
Armor: Robe              |     3 |     2 ||     5
Dodge: Dodged            |    10 |    17 ||    27
Block: Other             |       |    11 ||    11

Table legend: (Time is in decaauts)
 A = Elapsed time spent in this place.
 B = Non-inter-level travel time spent in this place.
 C = Inter-level travel time spent in this place.
 D = Time resting spent in this place.
 E = Time spent auto-exploring this place.
 F = Levels seen in this place.
 G = Mean time per level.
                   A        B        C        D        E       F      G
               +--------+--------+--------+--------+--------+-----+--------+
         Total |   4229 |   4127 |    102 |   1366 |   2019 |   5 |  845.8 |
       Dungeon |   3647 |   3545 |    102 |   1015 |   2019 |   4 |  911.8 |
         Sewer |    582 |    582 |      0 |    351 |      0 |   1 |  582.0 |
               +--------+--------+--------+--------+--------+-----+--------+

Top non-repeatable levels by time:
     D:2: 1249 daAuts
     D:1: 1205 daAuts
     D:3: 1012 daAuts
   Sewer: 582 daAuts
     D:4: 180 daAuts
